Match 22258465
Unlisted

Match 22258465
End
Panzergrenadier Squad
250 Light Carrier
Panzergrenadier Squad
Construct Light Support Kompanie
Fire Support Elements
Flakvierling Half-track
Selects Italian Infantry
Selects Guastatori Squad
Guastatori Squad
Panzerjäger Mechanized Group
Construct Mechanized Kompanie
Selects Defensive Operations
Selects Territory Booby Traps
254 Reconnaissance Tractor
Marder III Tank Destroyer
heybuy
ah
BaskoMorosow
[★] Klaus von Reinherz
0
0

Comments sign in to comment!

No comments posted yet!